[Event "Reykjavik Open 2024"]
[Site "Reykjavik"]
[Date "2024.03.15"]
[Round "1.1"]
[White "Gramb, Marius"]
[Black "Deac, Bogdan-Daniel"]
[Result "0-1"]
[ECO "B22"]
[WhiteElo "2142"]
[BlackElo "2690"]
[Annotator "TA"]
[PlyCount "80"]
[EventDate "2024.03.12"]
[EventCountry "ISL"]
[SourceTitle "playchess.com"]
[Source "ChessBase"]
[SourceQuality "1"]
[TimeControl "40/5400+30:1800+30"]

1. e4 c5 2. c3 d5 3. exd5 Qxd5 4. d4 Nf6 5. Nf3 e6 6. Na3 Qd8 7. Nc4 Be7 8. Nce5 O-O 9. Be2 cxd4 {[%emt 0:02:06] The position is equal.} 10. Qxd4 Qxd4 11. Nxd4 Nd5 12. O-O f6 13. Nef3 Rd8 14. c4 Nc7 15. Be3 e5 16. Nc2 (16. Nb5 $11 Nxb5 17. cxb5) 16... Bf5 $15 17. Rac1 Nba6 18. a3 Nc5 19. Bxc5 Bxc5 20. b4 Be7 21. Rfd1 Rxd1+ 22. Bxd1 a5 23. Ne3 Be6 24. Rb1 axb4 25. axb4 b6 26. Bc2 g6 27. g4 Kg7 28. g5 f5 $17 (28... fxg5 29. Nxe5 Bd6 30. Nc6 $11) 29. Nxe5 Bxg5 30. c5 bxc5 31. bxc5 Ra5 {[%emt 0:00:40][%cal Og5e3] [#] Threatens to win with ...Bxe3!} 32. Nd3 Nb5 ({Black should try} 32... Bxe3 $17 33. fxe3 Bd5) 33. f4 ({Better is} 33. Bb3 $15 Nc3 34. Rb2) 33... Bf6 {[%emt 0:03:21] This pair of bishops is nice.} 34. Ne5 {[%emt 0:00:19] [#] White does not recover from this.} (34. Rb4 $17 {was necessary.}) 34... Bxe5 $1 $19 35. fxe5 Nd4 (35... Nc7 36. c6 Ra6 (36... Rxe5 37. Rb7 $17) 37. Bd3 Rxc6 38. Kf2) 36. Rb7+ Kh6 {[%emt 0:00:23] Strongly threatening ...Ra1+.} 37. c6 (37. Bd1 $142) 37... Rxe5 ({Much less strong is} 37... Nxc6 38. Rb6 Nd4 (38... Rxe5 39. Nxf5+ Bxf5 40. Rxc6 $15) 39. Rd6 Rxe5 40. Ng4+ fxg4 41. Rxd4) 38. Kf2 (38. Rb4 Nxc6 39. Rb6) 38... f4 39. Ng2 Re2+ 40. Kg1 Rxc2 {[%emt 0:00:15] Weighted Error Value: White=0.58/Black=0.06 (flawless) .  Mistake:       	White=6     	Black=1      Inaccurate:     	White=3     	Black=2      OK:         	White=9     	Black=15     Best:        	White=1     	Black=1} 0-1

[Event "Reykjavik Open 2024"]
[Site "Reykjavik"]
[Date "2024.03.15"]
[Round "1.2"]
[White "Ivanchuk, Vasyl"]
[Black "MacKinnon, Keith"]
[Result "1-0"]
[ECO "D38"]
[WhiteElo "2625"]
[BlackElo "2142"]
[Annotator "TA"]
[PlyCount "51"]
[EventDate "2024.03.12"]
[EventCountry "ISL"]
[SourceTitle "playchess.com"]
[Source "ChessBase"]
[SourceQuality "1"]
[TimeControl "40/5400+30:1800+30"]

1. d4 Nf6 2. c4 e6 3. Nf3 d5 4. Nc3 Bb4 5. Bg5 h6 6. Bxf6 Qxf6 7. Qb3 Nc6 8. e3 dxc4 9. Qxc4 O-O {[%emt 0:02:48] White is slightly better.} 10. Be2 Bd6 11. O-O a6 12. Rac1 Rb8 13. Rfd1 b5 14. Qb3 {[%emt 0:08:45] [#] Strongly threatening Ne4.} Bb7 15. Ne4 Qe7 16. Nfd2 e5 17. Nxd6 Qxd6 18. d5 {[%emt 0:06:34] White is more active.} Na5 {[%emt 0:04:54] A mistake that costs the game.} (18... Ne7 $16 {keeps fighting.}) 19. Qc3 $1 $18 b4 20. Qc5 {[%emt 0:05:12] Black is weak on the light squares} (20. Qxc7 Qxd5 21. Bf3 Qd8 $18) 20... Qb6 (20... Qxd5 $2 {perishes.} 21. Qxd5 Bxd5 22. Rc5 $18 (22. Rxc7 Rfc8 $11) (22. Bxa6 c6 $11)) 21. Qxc7 Qxc7 22. Rxc7 {[%emt 0:00:11] [#] Rc5 would now be deadly.} Ba8 $2 (22... Rfd8 23. e4 Rbc8) 23. e4 ({Don't play} 23. Bxa6 Bxd5 24. Rc5 Ra8 25. Rxa5 Bb7 26. Bxb7 Rxa5 $18) 23... Rb6 24. Rdc1 {[%emt 0:00:21] White is clearly winning.} f5 25. f3 Rf7 (25... Rbb8 $142 26. R1c5 (26. Bxa6 b3 $18) 26... Nb7) 26. Rc8+ {[%emt 0:00:42] Weighted Error Value: White=0.10 (very precise) /Black=0.34.  Loses game:     	---       	Black=1      Mistake:       	---       	Black=2      Inaccurate:     	---       	Black=2      OK:         	White=10    	Black=6      Best:        	White=1     	---} 1-0

[Event "Reykjavik Open 2024"]
[Site "Reykjavik"]
[Date "2024.03.15"]
[Round "1.3"]
[White "Markuszewski, Maksymilian"]
[Black "Xu, Xiangyu"]
[Result "0-1"]
[ECO "A50"]
[WhiteElo "2141"]
[BlackElo "2623"]
[Annotator "TA"]
[PlyCount "59"]
[EventDate "2024.03.12"]
[EventCountry "ISL"]
[SourceTitle "playchess.com"]
[Source "ChessBase"]
[SourceQuality "1"]
[TimeControl "40/5400+30:1800+30"]

1. d4 e6 2. c4 b6 3. a3 Nf6 4. Nc3 Bb7 5. d5 Bd6 6. Nf3 O-O 7. g3 c6 8. Bg2 cxd5 9. cxd5 {[%emt 0:00:54] The position is equal.} exd5 10. O-O Na6 11. b4 Nc7 {[%emt 0:02:09] Repels Nb5} 12. Bb2 Re8 13. Rc1 Rc8 14. Qb3 Ba6 15. b5 Bb7 16. Rfd1 Ne6 17. e3 Bf8 18. Qa2 Rc7 19. Nd4 Qa8 20. Nde2 $2 {[%emt 0:05:06] [#] Loses the game.} (20. Nxe6 $11 dxe6 21. Ne4 Rxc1 22. Nxf6+ gxf6 23. Bxc1 (23. Rxc1 e5 $11)) 20... d4 $1 $19 21. Bxb7 Qxb7 22. Nxd4 {[%emt 0:00:28] [#]} Ng5 $1 23. h4 $2 (23. e4 Nfxe4 (23... Ngxe4 24. Nxe4 Nxe4 25. Rxc7 $19) 24. Qd5) 23... Nh3+ {[%emt 0:00:17] Black is clearly winning.} 24. Kf1 Qh1+ 25. Ke2 Qg2 26. Rf1 Nh5 27. Ke1 {[%emt 0:01:31] [#]} Nxg3 $1 28. fxg3 Rxe3+ 29. Nde2 d5 (29... Qxg3+ 30. Kd2 Rd3+ (30... Qxh4 31. Qxf7+ Kh8 32. Qxf8#) 31. Kc2 $16) 30. Qxd5 {[%emt 0:03:11] Weighted Error Value: White=0.55/Black=0.02 (flawless) .  Loses game:     	White=1     	---        Mistake:       	White=1     	---        OK:         	White=8     	Black=6      Best:        	---       	Black=1      Strong:       	---       	Black=1      Brilliant:      	---       	Black=1} 0-1

[Event "Reykjavik Open 2024"]
[Site "Reykjavik"]
[Date "2024.03.15"]
[Round "1.4"]
[White "Moussard, Jules"]
[Black "Birkisson, Bjorn Holm"]
[Result "1-0"]
[ECO "B30"]
[WhiteElo "2621"]
[BlackElo "2140"]
[Annotator "TA"]
[PlyCount "101"]
[EventDate "2024.03.12"]
[EventCountry "ISL"]
[SourceTitle "playchess.com"]
[Source "ChessBase"]
[SourceQuality "1"]
[TimeControl "40/5400+30:1800+30"]

1. e4 c5 2. Nf3 Nc6 3. Bb5 Nf6 4. Nc3 Qc7 5. O-O Nd4 6. Re1 a6 7. Bf1 Ng4 {[%emt 0:00:18] [#] ( -> ...Nxf3+)} 8. g3 Nxf3+ 9. Qxf3 {[%emt 0:00:13][%cal Oc3d5] Weiß steht etwas besser.} Ne5 10. Qg2 e6 {[%emt 0:02:43] Gegen Nd5 gerichtet.} 11. d3 Be7 12. f4 Nc6 13. Be3 O-O 14. Qf2 d6 15. Bg2 Rb8 16. g4 b5 17. Ne2 f5 (17... e5 $15) 18. exf5 $14 exf5 19. g5 Be6 20. d4 {[%emt 0:00:44] Weiß verwandelt nun seinen Vorteil.} cxd4 21. Nxd4 Nxd4 22. Bxd4 Bf7 23. a4 b4 24. Qe2 {[%emt 0:01:50][%csl LRa6,LRe7] Verhindert d5. Weiß steht aktiver.} Rfe8 25. Qxa6 {[%emt 0:06:58] Schwarz muss nun Qa7 beachten.} d5 26. Be5 Qc5+ 27. Kh1 Rbc8 (27... Ra8 $142 28. Qb5 Qxc2) 28. c3 $40 {[%emt 0:01:09][%mdl 128] Weiss hat starken Angriff.} bxc3 29. bxc3 Bd8 $2 (29... Ra8 30. Qb5 Ra5 31. Qxc5 Bxc5) 30. Bd4 Rxe1+ 31. Rxe1 Qc4 32. Qb7 {[%emt 0:03:03] Schwarz hat schwache schwarze Felder} Qc6 {[%emt 0:09:11] Verhindert Re8+.} 33. Qxc6 Rxc6 34. Re5 {[%emt 0:00:03][%cal Oe5d5] Rxd5! wäre nun fies.} Re6 $2 (34... Rd6 35. Kg1 (35. Rxf5 Bc7 $16) 35... g6) 35. Bxd5 $18 (35. Rxf5 $2 {ist das falsche Schlagen.} Re1+ $19) (35. Rxe6 Bxe6 36. Bf1 Kf7 $16) 35... Rxe5 36. Bxf7+ Kxf7 37. Bxe5 {[%emt 0:03:55][%mdl 4096] Endspiel. KB-KB} g6 38. Kg2 Ke6 39. c4 Ba5 40. Kf3 Kd7 41. Ke3 Kc6 42. Kd3 Kc5 43. Bd4+ Kc6 44. Bc3 Bc7 45. Bd2 Bb6 46. a5 {[%emt 0:00:00][%cal Ba4a5,Ba5a6,Ba6a7][%mdl 32] Weiß setzt Matt.} Bg1 47. h3 Bc5 48. Be3 Bf8 49. a6 Bg7 50. a7 Kb7 {[%emt 0:00:00] [#]} 51. Bb6 $1 {[%emt 0:00:00][%mdl 512] Gewichteter Fehlerwert: Weiß=0.09 (makellos) /Schwarz=0.25 (präzise) .  Fehler:       	---       	Schwarz=4     Ungenau:       	Weiß=1     	Schwarz=1     OK:         	Weiß=10    	Schwarz=14    Bester:       	Weiß=4     	Schwarz=2} 1-0

[Event "Reykjavik Open 2024"]
[Site "Reykjavik"]
[Date "2024.03.15"]
[Round "1.5"]
[White "Galperin, Platon"]
[Black "Cramling Bellon, Anna"]
[Result "1-0"]
[ECO "A00"]
[WhiteElo "2555"]
[BlackElo "2115"]
[Annotator "TA"]
[PlyCount "73"]
[EventDate "2024.03.12"]
[EventCountry "ISL"]
[SourceTitle "playchess.com"]
[Source "ChessBase"]
[SourceQuality "1"]
[TimeControl "40/5400+30:1800+30"]

1. e3 d5 2. d3 e5 3. Ne2 Nf6 4. Nd2 c6 5. Ng3 h5 6. Be2 h4 7. Ngf1 Bd6 8. h3 {[%emt 0:00:10] Black is slightly better.} Be6 9. Nh2 Qd7 (9... e4 $15) 10. a3 Na6 11. b4 O-O-O 12. Bb2 d4 13. exd4 exd4 14. Nhf3 Nd5 ({Black should try} 14... Rhe8 $14) 15. Nxd4 $16 (15. Bxd4 $6 Bb8 $11) 15... Nf4 16. O-O $1 Bxh3 17. gxh3 $18 Nxh3+ $2 (17... Nxe2+ {is more resistant.} 18. Qxe2 c5) 18. Kh1 {[%emt 0:00:13] Hoping for Bg4.} Nxf2+ 19. Rxf2 {[%emt 0:00:07] And now Bg4 would win.} Qh3+ 20. Kg1 Qg3+ 21. Rg2 Qe3+ 22. Kh1 Qh3+ 23. Kg1 Qe3+ 24. Kf1 {[%emt 0:00:21] White is clearly winning.} h3 25. Bg4+ (25. Rxg7 h2 26. Kg2 (26. Bg4+ Kb8 27. Nxc6+ bxc6 28. Kg2 h1=Q+ 29. Qxh1 Qg3+ 30. Kf1 Rxh1+ 31. Ke2 Rh2+ 32. Kd1 Qg1+) 26... h1=R (26... h1=B+ 27. Qxh1 Rxh1 28. Rxh1 $19) 27. Qxh1 Rxh1 (27... Qxd2 $2 28. Qc1 $18) 28. Rxh1 Qxd2 29. Rxf7 Rg8+ 30. Kf1 Kb8 $19) 25... f5 26. Bxf5+ (26. Nxf5 $2 hxg2+ 27. Kxg2 Rh2+ 28. Kf1 Qf2#) 26... Kb8 {[%emt 0:00:08] [#]} 27. Rg1 (27. Rxg7 $2 {too greedy.} h2 28. Kg2 h1=Q+ (28... h1=R $2 29. Qxh1 Qxd2+ 30. Kf3 $19) 29. Qxh1 Qxd2+ (29... Rh2+ 30. Qxh2 Qxd2+ 31. Kf1 $17) 30. Kf3 Qf4+ 31. Ke2 Rde8+ 32. Be4 Rxh1 33. Rxh1 Rxe4+ 34. Kd1 Re8 $19 (34... Rxd4 35. Rh8+ Bf8 36. Bxd4 $11)) 27... h2 {[%emt 0:02:48] [#]} 28. Rh1 (28. Rxg7 $2 {is a self mate.} h1=Q+) 28... Rh4 29. N2f3 Rh6 30. Qe1 Qf4 31. Bc1 Qg3 32. Qxg3 Bxg3 33. Bxh6 gxh6 34. Kg2 Rg8 35. Be6 Rg6 36. Bf7 Rg7 37. Nf5 {[%emt 0:00:09] Weighted Error Value: White=0.31/Black=0.55.  Mistake:       	---       	Black=4      Inaccurate:     	White=1     	Black=2      OK:         	White=9     	Black=5      Best:        	White=6     	Black=5      Strong:       	White=1     	---} 1-0

[Event "Reykjavik Open 2024"]
[Site "Reykjavik"]
[Date "2024.03.15"]
[Round "1.6"]
[White "George Samir, David"]
[Black "Cornette, Matthieu"]
[Result "1/2-1/2"]
[ECO "B31"]
[WhiteElo "2130"]
[BlackElo "2575"]
[Annotator "TA"]
[PlyCount "73"]
[EventDate "2024.03.12"]
[EventCountry "ISL"]
[SourceTitle "playchess.com"]
[Source "ChessBase"]
[SourceQuality "1"]
[TimeControl "40/5400+30:1800+30"]

1. e4 c5 2. Nf3 Nc6 3. Bb5 g6 4. Bxc6 bxc6 5. O-O Bg7 6. c3 Nf6 7. Re1 O-O 8. d4 cxd4 9. cxd4 d6 10. Nc3 Bg4 11. h3 Bxf3 12. Qxf3 Nd7 13. d5 (13. Rd1 $142) 13... c5 $11 14. Bd2 c4 15. b3 Rc8 16. bxc4 (16. Rab1 $11) 16... Ne5 $17 17. Qg3 (17. Qd1 $142) 17... Nxc4 ({Don't do} 17... Rxc4 18. Nb5 $17) 18. Bf4 Qa5 19. Rac1 Rc7 20. Re2 Na3 (20... Ne5 $17 {aiming for ...Rfc8.} 21. Rb2 Qa6) 21. Nd1 $1 $15 {[%emt 0:00:43] [#] Strongly threatening Rxc7.} Rxc1 22. Bxc1 Nb5 {[%emt 0:00:43] ...Nd4 would now be deadly.} 23. Qd3 Rc8 24. Be3 a6 (24... Qa4 $15 {is more appropriate.}) 25. Rc2 $11 {[%emt 0:01:37] The position is equal.} Qe1+ 26. Kh2 Rxc2 27. Qxc2 {[%emt 0:00:08] [#] Threatening mate with Qc8+.} Be5+ 28. f4 Bd4 29. Qd2 Qxd2 30. Bxd2 {[%emt 0:01:18][%mdl 4096] Endgame. KBN-KBN} f5 31. exf5 gxf5 32. Be3 Bf6 33. Bb6 {[%emt 0:00:34] Dodges Nc7} Kf7 34. a4 Na3 35. Ne3 e6 36. dxe6+ Kxe6 37. g4 {[%emt 0:00:12] Weighted Error Value: White=0.11 (very precise) /Black=0.08 (flawless) .  Mistake:       	White=3     	Black=2      OK:         	White=11    	Black=16     Best:        	White=1     	Black=2      Strong:       	White=1     	---} 1/2-1/2

[Event "Reykjavik Open 2024"]
[Site "Reykjavik"]
[Date "2024.03.15"]
[Round "1.7"]
[White "Pultinevicius, Paulius"]
[Black "Strathmann, Sacha"]
[Result "1-0"]
[ECO "D00"]
[WhiteElo "2575"]
[BlackElo "2129"]
[Annotator "TA"]
[PlyCount "71"]
[EventDate "2024.03.12"]
[EventCountry "ISL"]
[SourceTitle "playchess.com"]
[Source "ChessBase"]
[SourceQuality "1"]
[TimeControl "40/5400+30:1800+30"]

1. d4 Nf6 2. Bg5 c6 3. Bxf6 exf6 4. e3 d5 5. Nf3 Nd7 6. c4 Bb4+ 7. Nfd2 O-O (7... dxc4 $11 8. Bxc4 O-O) 8. a3 {[%emt 0:00:03] Weiß steht etwas besser.} Bd6 9. Nc3 dxc4 $1 10. Nxc4 {[%emt 0:00:05] Hervorragende Reitkunst.} Bc7 11. Bd3 Nb6 12. O-O Nxc4 13. Bxc4 f5 14. g3 b5 15. Be2 a5 16. Rc1 Be6 {[%emt 0:07:19] [#]} 17. Bf3 $1 (17. d5 cxd5 18. Nxb5 (18. Bxb5 Be5 $11) 18... Be5 $14) 17... Ra6 18. Qc2 (18. d5 cxd5 19. Nxb5 Be5) 18... Bc4 19. Be2 Bxe2 20. Qxe2 (20. Nxe2 g6 $14) 20... Qd7 {[%emt 0:01:23] [#]} 21. Rfd1 ({Günstiger ist} 21. d5 $1 $16) 21... Bd6 (21... Rb6 $1 $14) 22. d5 $16 Rb8 (22... Qb7 $16 {ist wohl besser.}) 23. a4 $18 cxd5 (23... h6 {ist eine bessere Verteidigung.} 24. Rc2 (24. dxc6 Rxc6 25. axb5 Rcc8 $18) 24... c5 25. Nxb5 g6) 24. Rxd5 ({Jedoch nicht} 24. Nxb5 $6 Rc6 25. Rxc6 Qxc6 $16) 24... Rc6 $2 (24... Qe6 25. axb5 (25. Rxb5 Rab6 $18) 25... Raa8) 25. Rxb5 (25. Rcd1 $142) 25... Rbc8 (25... Ra8 $142 26. Rd1 g6) 26. Rd1 Qe6 27. Rxa5 Bb4 28. Rad5 g6 29. Nb5 Rc2 30. Rd8+ Kg7 $2 {[%emt 0:00:14] [#]} (30... Bf8 31. R8d2 Rxd2 32. Rxd2 (32. Qxd2 h5 $18) 32... Rc1+ 33. Rd1 Rc5) 31. Nd4 $1 {[%emt 0:00:12][%csl LRc2,LRe6] Weiß steht klar auf Gewinn.} Qe4 32. Nxc2 Rxc2 33. Qd3 Qxd3 34. R1xd3 Kf6 35. R8d5 Rc1+ 36. Rd1 {[%emt 0:00:09] Gewichteter Fehlerwert: Weiß=0.25 (präzise) /Schwarz=0.33.  Fehler:       	Weiß=2     	Schwarz=7     Ungenau:       	Weiß=1     	Schwarz=2     OK:         	Weiß=7     	Schwarz=6     Bester:       	Weiß=2     	---        Stark:        	Weiß=1     	Schwarz=1} 1-0

[Event "Reykjavik Open 2024"]
[Site "Reykjavik"]
[Date "2024.03.15"]
[Round "1.8"]
[White "Stanford, Sheila Barth"]
[Black "Sanal, Vahap"]
[Result "0-1"]
[ECO "B43"]
[WhiteElo "2123"]
[BlackElo "2558"]
[Annotator "TA"]
[PlyCount "80"]
[EventDate "2024.03.12"]
[EventCountry "ISL"]
[SourceTitle "playchess.com"]
[Source "ChessBase"]
[SourceQuality "1"]
[TimeControl "40/5400+30:1800+30"]

1. e4 c5 2. Nc3 a6 3. Nf3 e6 4. d4 cxd4 5. Nxd4 Qc7 6. Bd3 Nf6 7. Qe2 d6 8. Be3 b5 9. O-O-O Be7 10. g4 b4 {[%emt 0:02:07] The position is equal.} 11. Nb1 (11. Na4 $14 {should be considered.}) 11... Bb7 12. Nd2 Nc6 13. g5 Nd7 14. f4 Nc5 15. Rhg1 Nxd3+ 16. Qxd3 Rc8 17. Kb1 Nxd4 18. Bxd4 e5 19. Be3 O-O 20. Rc1 {[%emt 0:05:30] [#]} d5 $1 21. fxe5 Qxe5 22. Bd4 dxe4 (22... Qxh2 $2 {perishes.} 23. Rh1 Qd6 (23... dxe4 $2 24. Nxe4 Bd6 25. Nf6+ gxf6 26. Rxh2 $18) 24. Rxh7 (24. exd5 $2 Qg6 $19) 24... Kxh7 25. Qh3+ Kg8 26. Rh1 $18) 23. Bxe5 exd3 24. cxd3 Rxc1+ 25. Kxc1 Rd8 26. Kc2 Kf8 27. Nc4 Bc8 28. Rg3 Be6 29. h4 f6 30. gxf6 gxf6 31. Rf3 $1 Kg7 32. Bg3 Bg4 $1 33. Rf2 {[%emt 0:02:52] [#]} Bc5 $1 {[%emt 0:01:35] Dodges Ne3} 34. Rd2 Bf5 35. Bf4 $2 {[%emt 0:00:05][%mdl 8192] [#] Now White is beyond hope.} (35. a4 $17 {is more resistant.}) 35... Rd4 $1 $19 {[%emt 0:00:28][%csl LRc4,LRf4] Black is clearly winning.} 36. Rg2+ Kf7 37. Be3 Rxc4+ 38. Kb3 Bxd3 39. Rd2 Bxe3 40. Rxd3 Re4 {[%emt 0:00:07] Weighted Error Value: White=0.35/Black=0.06 (flawless) .  Loses game:     	White=1     	---        Mistake:       	White=1     	---        Inaccurate:     	White=3     	Black=2      OK:         	White=8     	Black=11     Best:        	---       	Black=2      Strong:       	White=1     	Black=3} 0-1

[Event "Reykjavik Open 2024"]
[Site "Reykjavik"]
[Date "2024.03.15"]
[Round "1.9"]
[White "Li, Harry"]
[Black "Can, Emre"]
[Result "0-1"]
[ECO "B38"]
[WhiteElo "2107"]
[BlackElo "2551"]
[Annotator "TA"]
[PlyCount "102"]
[EventDate "2024.03.12"]
[EventCountry "ISL"]
[SourceTitle "playchess.com"]
[Source "ChessBase"]
[SourceQuality "1"]
[TimeControl "40/5400+30:1800+30"]

1. e4 c5 2. Nf3 Nc6 3. d4 cxd4 4. Nxd4 g6 5. c4 Qb6 6. Nb3 Bg7 7. Be2 d6 8. O-O a5 9. Be3 Qd8 10. Nd4 Nf6 11. Nc3 O-O 12. Re1 (12. f4 $16) 12... Bd7 (12... Nxd4 $14 13. Bxd4 h5) 13. h3 (13. Ndb5 $16) 13... Nxd4 $14 14. Bxd4 Bc6 15. Qd3 a4 (15... Re8 $11 {keeps the balance.}) 16. Bf1 Nd7 17. Bxg7 Kxg7 18. Nd5 Nc5 19. Qd4+ e5 20. Qe3 Bxd5 21. cxd5 Qb6 22. Re2 Qb4 23. Qc3 Qxc3 24. bxc3 a3 25. Re3 f5 26. exf5 gxf5 27. f3 Kf6 28. Rb1 f4 29. Ree1 Rg8 30. Kf2 {[%emt 0:01:07] [#]} (30. Rb5 $15) 30... e4 $1 $17 31. fxe4 (31. Rb4 $17) (31. Rb6 e3+) 31... Rg3 ({Black should play} 31... Ke5 $19 32. Be2 Rac8 (32... Nxe4+ 33. Kg1 $11)) 32. e5+ $17 dxe5 33. Rb6+ (33. c4 $17 {was necessary.}) 33... Kf5 $19 34. Rh6 $2 (34. Kg1 $17) 34... e4 $2 (34... Rxc3 35. Rh5+ Kf6 36. Rexe5 $16) (34... Ne4+ $1 $19 {is more deadly.} 35. Kg1 Nf6 (35... Rxc3 36. Rh5+ Kg6 37. Rxe5 $16)) 35. Rxh7 (35. Rd1 $17 {might work better.}) 35... Rag8 (35... Rxc3 $19 {Strongly threatening ...Rc2+.} 36. d6 e3+ 37. Kg1 (37. Kf3 $2 Ne6 $19) 37... Rd8 38. Rf7+ Ke5) 36. Rd1 $2 (36. d6 $15) 36... Rxc3 (36... Nd3+ $19 37. Kg1 Ke5) 37. d6 Rc2+ 38. Kg1 {[%emt 0:01:47] [#]} e3 (38... Rxa2 39. Rh5+ Kf6 (39... Rg5 $2 40. Rd5+ Ke6 41. Rdxg5 $18) 40. Rxc5 $18) (38... f3 $1 $19 39. d7 f2+ (39... Rxa2 $2 40. Rh5+ Kf6 41. Rxc5 $18) 40. Kh2 Rd8 (40... Rxa2 $2 41. Bc4 $18)) 39. Re7 (39. d7 $17 {keeps fighting.} Rd8 (39... Rxa2 40. Rh5+ Kf6 41. Rxc5 $16) 40. Rf7+ Kg6 (40... Ke5 41. g3 $11) 41. Rxf4) 39... Rd8 (39... Rxa2 40. Rd5+ Kf6 41. Rxc5 $14) (39... Rd2 $19 40. g4+ Kf6 (40... fxg3 41. Re1 $11) 41. Rxd2 exd2) 40. Bb5 $17 {[%emt 0:04:37] [#]} Kf6 (40... Rxa2 $6 41. Rd5+ Kf6 42. Rxc5 $11) (40... Rd2 $1 $17 41. Rf1 R8xd6 (41... Rxa2 42. Rxe3 Rxd6 43. g4+ Kg6 44. Rxf4 $11) 42. Rxe3 Rxa2 43. g4+ Kg6 44. Rxf4 Rd1+ 45. Bf1 Raa1) 41. Rc7 $2 (41. Rf1 $1 $11 {and White is okay.} Rf2 (41... Rxa2 42. Rxf4+ Kg5 43. Rf1 $11) 42. Rxf2 exf2+ 43. Kxf2) 41... b6 (41... Rg8 $142 42. g4 f3 (42... fxg3 43. d7 $18)) 42. d7 $2 (42. Rf1 Rxa2 (42... Rxd6 $2 43. Rxf4+ Ke5 44. Rf3 $19) (42... Ke5 $2 43. d7 $19) 43. Rxf4+ Ke5 44. Rf3) 42... Rxa2 $19 43. Rd6+ Ke7 44. Rxb6 e2 ({Weaker is} 44... Nxd7 45. Ra6 $17) 45. Kf2 Ne4+ ({And not} 45... Nxd7 46. Ra6 $11) 46. Ke1 Ng3 47. Rc1 {[%emt 0:02:25] Repels Ra1} Rb2 {[%emt 0:00:15] And now ...a2 would win.} 48. Rb7 a2 49. Bc6 Rxb7 50. Bxb7 Rxd7 51. Bf3 {[%emt 0:01:03] [#]} Rd1+ $1 0-1

[Event "Reykjavik Open 2024"]
[Site "Reykjavik"]
[Date "2024.03.15"]
[Round "1.10"]
[White "Maze, Sebastien"]
[Black "Gikas, Andreas Basilius"]
[Result "1-0"]
[ECO "B04"]
[WhiteElo "2551"]
[BlackElo "2104"]
[Annotator "TA"]
[PlyCount "71"]
[EventDate "2024.03.12"]
[EventCountry "ISL"]
[SourceTitle "playchess.com"]
[Source "ChessBase"]
[SourceQuality "1"]
[TimeControl "40/5400+30:1800+30"]

1. e4 Nf6 2. e5 Nd5 3. d4 d6 4. c4 Nb6 5. exd6 cxd6 6. Nc3 g6 7. h3 Bg7 8. Nf3 O-O 9. Be2 Bf5 10. O-O Nc6 11. Bg5 h6 12. Be3 d5 13. c5 Nc4 14. Bc1 e5 15. dxe5 N6xe5 16. Nd4 {[%emt 0:17:48] [#] aiming for Nxf5.} Bc8 (16... Be4 $11) 17. b3 $16 Nc6 18. Nxc6 (18. bxc4 Nxd4 (18... Bxd4 19. Bd2 $11) 19. Be3 Nxe2+ 20. Nxe2 dxc4 $17) 18... bxc6 19. bxc4 Bxc3 20. Bxh6 $1 Be6 (20... Re8 $16) 21. Rc1 ({White should try} 21. Bxf8 $18 Qxf8 22. Rc1) 21... Bg7 22. Bxg7 Kxg7 23. Qa4 dxc4 (23... d4 $14) 24. Bxc4 Bxc4 25. Rxc4 Qc7 (25... Qf6 $16 {might work better.}) 26. Rd1 $18 Rab8 27. Rd6 {[%emt 0:01:53][%cal Oc4g4] Strongly threatening Rg4!} Rb5 $2 (27... Rfd8 28. Rcd4 (28. Qxc6 Qxc6 29. Rxc6 Rd1+ 30. Kh2 Rd2 $18) 28... Rxd6 29. cxd6 Qd7) 28. Rh4 f6 29. Qd4 Rf7 {[%emt 0:00:41] Prevents Rd7.} (29... Rb1+ $142 30. Kh2 Rb7) 30. Re4 (30. g4 $142 Rb8 31. g5) 30... Qb8 {[%emt 0:04:12] [#]} (30... a5 $18 31. a3 Qa7 32. Rxc6 Rb1+ 33. Kh2 Qb7) 31. Re7 $3 Rb1+ 32. Kh2 Qb2 33. Rxf7+ {[%emt 0:01:47] White mates.} Kxf7 34. Rd7+ (34. Rxf6+ Kg7 35. Rf4+ (35. Rxc6+ {is a self mate.} Qxd4 36. Kg3 Rb2 37. f3 Qe5+ 38. f4 Qe3+ 39. Kh4 Rxg2 40. Rc7+ Kh6) 35... Qxd4 36. Rxd4 Rc1 37. Rd7+ Kh6 $18) 34... Kg8 35. Qc4+ Kh8 36. Qh4+ {[%emt 0:00:02] Weighted Error Value: White=0.32/Black=0.96.  Mistake:       	White=2     	Black=7      Inaccurate:     	White=1     	Black=2      OK:         	White=8     	Black=1      Best:        	White=2     	Black=1      Strong:       	White=1     	---} 1-0